 Dungeon Crawl Stone Soup version 0.24-a0-201-gf205589 (webtiles) character file.

Game seed: 17183410453639086110

47 Borgoz the Skirmisher (level 3, -2/32 (33) HPs)
             Began as a Ghoul Monk on Mar 23, 2019.
             Slain by a centaur (7 damage)
             ... on level 2 of the Dungeon.
             The game lasted 00:03:46 (1179 turns).

Borgoz the Skirmisher (Ghoul Monk)                  Turns: 1179, Time: 00:03:47

HP:   -2/32 (33)    AC:  6    Str: 14    XL:     3   Next: 70%
MP:   2/2           EV: 11    Int:  6    God:
Gold: 86            SH:  0    Dex: 11    Spells: 2/2 levels left

rFire    . . .     SeeInvis .   a - +0 short sword
rCold    + . .     Gourm    .   (no shield)
rNeg     + + +     Faith    .   d - +0 ring mail (curse)
rPois    ∞         Spirit   .   j - +0 helmet
rElec    .         Reflect  .   h - scarf {cloud immunity}
rCorr    .         Harm     .   (no gloves)
MR       .....                  (no boots)
Stlth    +.........             (no amulet)
HPRegen  0.00/turn              (no ring)
MPRegen  0.08/turn              (no ring)

@: rotting
A: rotting body, claws 1, carnivore, cold resistance 1, negative energy
resistance 3, inhibited regeneration, torment resistance, unbreathing
a: no special abilities


You were on level 2 of the Dungeon.
You were not hungry.

You visited 1 branch of the dungeon, and saw 2 of its levels.

You collected 86 gold pieces.

Inventory:

Hand Weapons
 a - a +0 short sword (weapon)
Armour
 d - a cursed +0 ring mail (worn)
 h - a scarf of cloud immunity (worn)
 j - a +0 helmet (worn)
Scrolls
 k - a scroll of teleportation {unknown}
 l - 2 scrolls of identify {unknown}
Potions
 e - 2 potions of heal wounds
 f - 2 potions of haste {unknown}
 g - 3 potions of curing {unknown}
 i - 2 potions of brilliance {unknown}
 m - 2 potions of berserk rage {unknown}
 n - a potion of flight {unknown}
Comestibles
 b - 9 chunks of flesh
 c - 3 rations


   Skills:
 + Level 3.6 Fighting
 * Level 3.2 Short Blades
 * Level 1.4 Armour
 + Level 3.0 Dodging
 - Level 2.1 Stealth


You had 2 spell levels left.
You didn't know any spells.
Your spell library was empty.

Dungeon Overview and Level Annotations

Branches:
Dungeon (2/15)

Altars:


Innate Abilities, Weirdness & Mutations

Your body is rotting away.
You thrive on raw meat.
You are immune to poison.
You have sharp fingernails.
You are carnivorous and can eat meat at any time.
Your flesh is cold resistant. (rC+)
You are immune to negative energy. (rN+++)
You do not regenerate when monsters are visible.
You are immune to unholy pain and torment.
You can survive without breathing.


Message History

You are too injured to fight recklessly!
You are too injured to fight recklessly!
You are too injured to fight recklessly!
You are too injured to fight recklessly!
You are too injured to fight recklessly!
You hit the centaur.
The centaur is heavily wounded.
The bat hits you but does no damage. The centaur hits you.
The centaur misses you.
You barely miss the centaur.
The centaur is heavily wounded.
The bat barely misses you.
The centaur hits you but does no damage.
The bat hits you but does no damage.
You hit the centaur.
The centaur is severely wounded.
The centaur hits you!
* * * LOW HITPOINT WARNING * * *
The bat closely misses you. The centaur hits you!
You die...

.# #.... .## ## ##...
..# #.# #.#. .## #.##.#
#.#. . #.##.##.# #.#. .#
#.##.##.# #.#. ...
#.##.##.# #... .#..
###.####.##.##.# ####...
.###.
......c@.##.##.###......
#
###.####b##.#...##.##...
#...........###..
#.....†...#>..#### ##.
#.####.#####.## #. #.#
#.# #. #.#####.########.
..........).....
#.##############


You could see a centaur and a bat.

Vanquished Creatures
  An adder (D:2)
  2 dart slugs
  A ball python (D:2)
  5 bats
  4 giant cockroaches
  3 goblins
  6 hobgoblins
  2 kobolds
  3 frilled lizards
  5 rats
32 creatures vanquished.

Notes
Turn   | Place    | Note
-------+----------+-------------------------------------------
     0 | D:1      | Borgoz the Ghoul Monk began the quest for the Orb.
     0 | D:1      | Reached XP level 1. HP: 19/19 MP: 0/0
   299 | D:1      | Reached XP level 2. HP: 23/26 MP: 1/1
   481 | D:1      | Reached skill level 1 in Armour
   735 | D:2      | Reached XP level 3. HP: 21/31 MP: 2/2
  1067 | D:2      | Found a faded altar of an unknown god.
  1158 | D:2      | Noticed a centaur
  1179 | D:2      | Slain by a centaur

Levels and vault maps discovered:
D:1:      giann_wishing_wells, layout_rooms, minmay_statues_item
D:2:      layout_loops_ring, lemuel_coloured_pillars_altar,
          chequers_ecumenical_altar_simple_redux, st_stairs_8, uniq_sigmund

Skill      XL: |  1  2  3 |
---------------+----------+-----
Short Blades   | 3 |  3.2
Armour         | 1 |  1.4
Dodging        | 3 |  3.0
Fighting       | |  3.6
Stealth        | |  2.1

Action                   || total
-------------------------++-------
Melee: Short sword       ||   179
  Use: Potion            ||     1
 Stab: Sleeping          ||     2
  Eat: Chunk             ||    13
Armor: Ring mail         ||    91
Dodge: Dodged            ||   127

Table legend:
 A = Non-vault XP
 B = Vault XP
 C = Vault XP percentage of total XP
 D = Non-vault monster count
 E = Vault monster count
 F = Vault count percentage of total count
                 A         B        C        D         E       F
            +---------+---------+-------+---------+---------+-------
      Total |      66 |       2 |   2.9 |      31 |       1 |   3.1
            +---------+---------+-------+---------+---------+-------
        D:1 |      31 |       0 |   0.0 |      17 |       0 |   0.0
        D:2 |      35 |       2 |   5.4 |      14 |       1 |   6.7
            +---------+---------+-------+---------+---------+-------
